 Dungeon Crawl Stone Soup version 0.27-a0-1301-g128193abf8 (webtiles) character file.

Game seed: 1123013047293432834

2 flotson the Sneak (level 1, -4/18 HPs)
             Began as a Demonspawn Delver on June 18, 2021.
             Slain by a scorpion (5 damage)
             ... on level 5 of the Dungeon.
             The game lasted 00:00:39 (60 turns).

flotson the Sneak (Demonspawn Delver)                 Turns: 60, Time: 00:00:40

Health: -4/18      AC:  3    Str: 12    XL:     1   Next: 33%
Magic:  1/1        EV: 11    Int: 11    God:
Gold:   20         SH:  0    Dex: 14    Spells: 0/0 levels left

rFire    . . .     SeeInvis .   a - +0 hand axe
rCold    . . .     Faith    .   (no shield)
rNeg     . . .     Spirit   .   b - +0 leather armour
rPois    .         Reflect  .   (no helmet)
rElec    .         Harm     .   (no cloak)
rCorr    .         Rampage  .   (no gloves)
Will     .....                  (no boots)
Stlth    ++........             (no amulet)
HPRegen  0.06/turn              (no ring)
MPRegen  0.07/turn              (no ring)

@: flying, hasted, very quick
A: no striking features
a: no special abilities


You were on level 5 of the Dungeon.
You visited 1 branch of the dungeon, and saw 1 of its levels.

You collected 20 gold pieces.

Inventory:

Hand Weapons
 a - a +0 hand axe (weapon)
Missiles
 i - 2 silver javelins (quivered)
Armour
 b - a +0 leather armour (worn)
Wands
 g - a wand of digging (3)
Scrolls
 c - a scroll of fog
 d - a scroll of magic mapping


   Skills:
 + Level 3.0 Fighting
 + Level 1.8 Axes
 + Level 0.1 Armour
 + Level 1.8 Dodging
 - Level 4.5 Stealth


You couldn't memorise any spells.
You didn't know any spells.
Your spell library was empty.

Dungeon Overview and Level Annotations

Branches:
Dungeon (5/15)
 Temple: D:4-7

Altars:

Portals:
Sewer: D:5


Message History

It was a potion of flight.
You feel very buoyant.
You fly up into the air.
The giant cockroach splashes around in the water.
You hit the giant cockroach.
You kill the giant cockroach!
You hit the giant cockroach.
You hit the giant cockroach but do no damage.
You hit the scorpion but do no damage. You barely miss the giant cockroach.
The giant cockroach closely misses you.
The giant cockroach bites you but does no damage.
The scorpion misses you. The adder completely misses you.
The giant cockroach barely misses you.
You barely miss the giant cockroach.
The giant cockroach is moderately wounded.
You hit the giant cockroach. You hit the scorpion but do no damage.
You hit the giant cockroach but do no damage.
You closely miss the adder.
The giant cockroach bites you but does no damage.
The scorpion stings you! The giant cockroach barely misses you.
The adder closely misses you.
The giant cockroach splashes around in the water.
You hit the giant cockroach.
The giant cockroach is almost dead.
You hit the giant cockroach. You barely miss the scorpion.
You barely miss the giant cockroach. You closely miss the adder.
The giant cockroach barely misses you. The scorpion stings you.
* * * LOW HITPOINT WARNING * * *
The giant cockroach bites you.
* * * LOW HITPOINT WARNING * * *
The adder closely misses you.
The giant cockroach completely misses you.
You closely miss the giant cockroach.
The giant cockroach is almost dead.
You hit the giant cockroach but do no damage.
You hit the adder.
You hit the giant cockroach but do no damage.
You hit the scorpion but do no damage. The giant cockroach barely misses you.
The giant cockroach misses you. The scorpion stings you.
You die...

#.. #.# ##..# #..
#.####.## #..#
##..#
#......###..#
....#.####.......#
#.#.#####...##..##
#.................
########..#######.
##s#B≈≈≈≈#.
#B@B≈∩≈≈#.
#.#S≈≈≈≈#.
...#######.
#.#.......... #
###########


You could see a scorpion, an adder and 3 giant cockroaches.

Vanquished Creatures
  2 giant cockroaches (D:5)
2 creatures vanquished.

Notes
Turn   | Place    | Note
-------+----------+-------------------------------------------
     0 | D:5      | flotson the Demonspawn Delver began the quest for the Orb.
     0 | D:5      | Reached XP level 1. HP: 18/18 MP: 1/1
    18 | D:5      | Noticed a scorpion
    25 | D:5      | Found a glowing drain.
    60 | D:5      | Slain by a scorpion

Illustrated notes

Levels and vault maps discovered:
D:5:      layout_loops_ring, gup_sewer_entry_glass

Action                   || total
-------------------------++-------
Melee: Hand axe          ||    12
  Use: Potion            ||     2
       Scroll            ||     1
Armor: Leather armour    ||     8
Dodge: Dodged            ||    20

Table legend: (Time is in decaauts)
 A = Elapsed time spent in this place.
 B = Non-inter-level travel time spent in this place.
 C = Inter-level travel time spent in this place.
 D = Time resting spent in this place.
 E = Time spent auto-exploring this place.
 F = Levels seen in this place.
 G = Mean time per level.
                   A        B        C        D        E       F      G
               +--------+--------+--------+--------+--------+-----+--------+
         Total |     56 |     56 |      0 |      0 |     17 |   1 |   56.0 |
       Dungeon |     56 |     56 |      0 |      0 |     17 |   1 |   56.0 |
               +--------+--------+--------+--------+--------+-----+--------+

Top non-repeatable levels by time:
     D:5: 56 daAuts
